Map: Dusk Towers

Players

Zanster - Winner!

  • Race: Zerg Zerg

PtitDrogo

  • Race: Protoss Protoss
  • League: Master

Event: DreamHack ROCCAT LotV Championship

VOD

Have the link to the VOD?

Description

Time

  • Played on: Nov. 26, 2015, 1:17 p.m.
  • Length: 9:12

All games in this series

Show
View Real Time Build Order
Export as new Build Order

Zanster Zerg - Winner!

Build Orders: 3 Hatch before Pool, Lurkers 

Get SALT Encoding   

  12  0:00  Drone  
  13  0:13  Overlord  
  13  0:17  Drone  
  14  0:32  Drone x2  
  16  0:36  Drone  
  17  0:52  Hatchery  
  17  0:55  Drone  
  17  0:58  Drone  
  18  1:18  Hatchery  
  18  1:24  Drone x2  
  19  1:37  Spawning Pool  
  19  1:39  Extractor  
  17  1:41  Drone  
  17  1:45  Drone  
  19  1:53  Drone  
  20  2:04  Drone x2  
  22  2:15  Drone  
  23  2:17  Drone  
  24  2:24  Queen x2  
  24  2:28  Overlord  
  28  2:32  Queen  
  30  2:38  Drone x2  
  30  2:43  Metabolic Boost  
  32  2:46  Drone  
  32  2:48  Drone  
  34  2:53  Zergling x4  
  34  2:55  Zergling x2  
  34  2:58  Zergling x2  
  38  3:00  Zergling x2  
  38  3:05  Overlord  
  39  3:09  Overlord  
  39  3:11  Drone  
  40  3:16  Overlord  
  40  3:24  Drone x2  
  40  3:27  Lair  
  42  3:28  Drone  
  42  3:30  Drone  
  42  3:33  Drone  
  44  3:35  Drone  
  44  3:36  Drone  
  44  3:38  Drone  
  44  3:41  Drone  
  48  3:44  Drone  
  48  3:45  Drone x2  
  48  3:47  Drone  
  52  3:50  Overlord  
  52  3:53  Zergling x2  
  53  3:57  Zergling x4  
  53  4:00  Overlord  
  55  4:02  Extractor  
  55  4:03  Drone, Extractor  
  55  4:05  Drone  
  55  4:06  Drone  
  55  4:10  Drone x2  
  55  4:12  Drone  
  55  4:15  Overlord  
  58  4:19  Drone x4  
  58  4:22  Drone x2  
  64  4:24  Drone  
  64  4:29  Drone, Extractor  
  64  4:30  Hydralisk Den  
  64  4:31  Drone  
  65  4:35  Drone  
  66  4:39  Drone x3  
  66  4:40  Drone x2  
  66  4:41  Drone  
  66  4:44  Overlord  
  72  4:45  Drone  
  72  4:46  Drone  
  72  4:49  Overlord  
  74  4:56  Drone  
  74  4:59  Overlord  
  74  5:05  Lurker Den  
  71  5:07  Drone x5  
  71  5:10  Extractor x2  
  71  5:12  Hydralisk x4  
  81  5:15  Drone  
  81  5:16  Drone  
  81  5:17  Hydralisk  
  85  5:23  Hydralisk x3  
  91  5:30  Zergling x6  
  91  5:35  Zergling x4  
  96  5:39  Overlord  
  96  5:46  Zergling x4  
  98  5:50  Overlord  
  98  5:53  Overlord  
  98  5:57  Zergling x12  
  98  5:59  Hatchery  
  98  6:00  Zergling x6  
  106  6:11  Zergling x6  
  109  6:23  Zergling x18  
  118  6:31  Lurker x5, Spire  
  122  6:33  Overlord x3  
  122  6:46  Overlord x2  
  122  6:52  Drone x6  
  122  6:53  Drone x4  
  132  6:56  Lurker x3  
  132  7:00  Overlord  
  135  7:03  Hatchery, Drone x2  
  135  7:04  Extractor  
  135  7:08  Extractor  
  135  7:10  Hatchery  
  135  7:13  Zergling x2  
  135  7:14  Zergling x6  
  137  7:22  Zergling x20  
  146  7:25  Queen  
  146  7:28  Zergling x4  
  146  7:38  Zergling x8  
  146  7:43  Overlord  
  149  7:51  Mutalisk  
  149  7:52  Mutalisk x2  
  149  7:54  Mutalisk x4  
  149  7:58  Mutalisk x6  
  170  8:09  Mutalisk x4  
  162  8:21  Mutalisk  
  162  8:22  Mutalisk  
  162  8:24  Zergling x2  
  162  8:25  Zergling x8  
  154  8:35  Zergling x2  
  154  8:36  Zergling x20  
  154  8:41  Mutalisk x2  
  151  8:49  Zergling x4  
  151  8:51  Zergling x2  
  151  8:52  Zergling x2  
  151  8:53  Zergling x2  
Show
View Real Time Build Order
Export as new Build Order

PtitDrogo Protoss 

Build Orders: Nexus First 

Get SALT Encoding   

  12  0:01  Probe (Chrono Boost)  
  13  0:11  Probe (Chrono Boost)  
  14  0:17  Pylon  
  14  0:22  Probe (Chrono Boost)  
  16  0:35  Probe (Chrono Boost)  
  16  0:46  Probe (Chrono Boost)  
  17  0:57  Nexus  
  17  1:01  Probe (Chrono Boost)  
  18  1:11  Gateway  
  18  1:14  Probe (Chrono Boost)  
  19  1:19  Assimilator  
  19  1:24  Probe (Chrono Boost)  
  20  1:26  Assimilator  
  20  1:35  Probe (Chrono Boost)  
  21  1:45  Probe (Chrono Boost)  
  22  1:49  Gateway  
  22  1:56  Probe (Chrono Boost)  
  22  2:01  Cybernetics Core  
  23  2:09  Probe (Chrono Boost)  
  23  2:10  Probe (Chrono Boost)  
  25  2:20  Probe x2 (Chrono Boost)  
  27  2:30  Probe (Chrono Boost)  
  27  2:31  Probe (Chrono Boost)  
  29  2:37  Stalker x2 (Chrono Boost)  
  29  2:39  Warp Gate  
  29  2:41  Probe  
  29  2:42  Probe  
  35  2:47  Pylon  
  35  2:54  Mothership Core (Chrono Boost)  
  35  2:56  Probe  
  38  3:05  Sentry (Chrono Boost)  
  40  3:08  Probe (Chrono Boost)  
  40  3:11  Sentry (Chrono Boost)  
  43  3:15  Probe (Chrono Boost)  
  43  3:19  Probe (Chrono Boost)  
  45  3:21  Pylon  
  45  3:26  Probe (Chrono Boost)  
  46  3:39  Sentry, Probe x2 (Chrono Boost), Nexus  
  50  3:47  Pylon x2  
  50  3:50  Probe x2 (Chrono Boost)  
  52  3:59  Sentry  
  54  4:02  Assimilator  
  54  4:03  Assimilator  
  54  4:05  Probe x2 (Chrono Boost)  
  56  4:10  Phoenix  
  56  4:14  Robotics Facility  
  56  4:15  Probe x2 (Chrono Boost)  
  58  4:26  Probe x2 (Chrono Boost)  
  60  4:33  Forge  
  60  4:34  Pylon  
  60  4:36  Probe x2 (Chrono Boost)  
  62  4:41  Sentry  
  62  4:42  Sentry  
  62  4:45  Gateway x2  
  66  4:47  Probe x2 (Chrono Boost)  
  68  4:57  Probe x3 (Chrono Boost)  
  71  5:04  Protoss Ground Weapons Level 1  
  71  5:07  Probe (Chrono Boost)  
  71  5:08  Probe x2 (Chrono Boost), Assimilator  
  71  5:10  Assimilator  
  71  5:11  Zealot  
  76  5:17  Probe (Chrono Boost), Immortal (Chrono Boost)  
  76  5:18  Probe x2  
  83  5:24  Pylon, Phoenix  
  83  5:25  Pylon  
  83  5:27  Probe  
  83  5:30  Probe x2  
  86  5:38  Probe  
  86  5:40  Twilight Council  
  86  5:42  Probe, Pylon  
  88  5:43  Probe  
  88  5:48  Probe  
  89  5:54  Probe, Observer (Chrono Boost)  
  89  5:56  Gateway  
  92  5:59  Gateway x2  
  92  6:00  Gateway  
  92  6:03  Gateway  
  92  6:04  Pylon  
  92  6:13  Robotics Bay  
  92  6:14  Warp Prism (Chrono Boost), Robotics Facility  
  94  6:23  Stalker x4  
  102  6:27  Pylon, Blink (Chrono Boost)  
  102  6:37  Pylon x2  
  102  6:46  Protoss Ground Weapons Level 2  
  102  6:51  Adept x4  
  110  6:58  Stalker x3  
  110  6:59  Stalker  
  118  7:02  Disruptor (Chrono Boost)  
  118  7:06  Disruptor (Chrono Boost)  
  118  7:07  Stalker  
  126  7:14  Stalker x2  
  126  7:15  Stalker  
  132  7:16  Stalker  
  134  7:34  Disruptor (Chrono Boost)  
  137  7:41  Stalker x3  
  137  7:42  Stalker, Nexus, Disruptor (Chrono Boost)  
  148  7:44  Pylon  
  148  7:45  Pylon  
  148  7:50  Pylon  
  148  8:02  Templar Archives  
  148  8:06  Stalker x2  
  148  8:07  Stalker x4  
  148  8:11  Photon Cannon  
  112  8:27  Stalker x2  
  112  8:28  Stalker  
  112  8:30  Stalker x3  
  112  8:31  Stalker  
  119  8:43  Stalker x2  
  115  8:52  Stalker x3  
  115  8:54  Stalker x3  
  100  9:07  Stalker x3  

Tags
 
Add a new tag
Caveats
  • Supply blocks, unpowered buildings, or Contaminate may cause inaccurate times.
  • Supply counts are checked every 10 seconds.